 Dungeon Crawl Stone Soup version 0.32-a0-422-g28b100f618 (webtiles) character file.

Game seed: 18003561878441113841

687 SkeletonJelly the Cleaver (level 7, 0/63 HPs)
             Began as a Mountain Dwarf Fighter on Feb 21, 2024.
             Slain by a wraith (11 damage)
             ... on level 5 of the Dungeon.
             The game lasted 00:07:31 (3591 turns).

SkeletonJelly the Cleaver (Mountain Dwarf Fighter)  Turns: 3591, Time: 00:07:31

Health: 0/63       AC:  7    Str: 21    XL:     7   Next: 35%
Magic:  7/7        EV:  9    Int:  8    God:
Gold:   254        SH:  4    Dex:  9    Spells: 6/6 levels left

rFire   + . .        a - +0 war axe
rCold   . . .        c - +0 buckler
rNeg    . . .        b - +1 scale mail
rPois   .            (no helmet)
rElec   .            (no cloak)
rCorr   .            (no gloves)
SInv    +            (no boots)
Will    .....        (no amulet) Stlth
                     g - ring of protection from fire
HPRegen 0.30/turn    k - ring of see invisible
MPRegen 0.10/turn

%: no passive effects
@: slowed, very slow
A: runic magic, artefact enchanting
a: no special abilities


You were on level 5 of the Dungeon.
You visited 1 branch of the dungeon, and saw 5 of its levels.
You also visited: Sewer.

You collected 254 gold pieces.

Inventory:

Hand Weapons
 a - a +0 war axe (weapon)
Missiles
 n - 6 poisoned darts (quivered)
Armour
 b - a +1 scale mail (worn)
 c - a +0 buckler (worn)
Jewellery
 g - a ring of protection from fire (left hand)
 k - a ring of see invisible (right hand)
 q - an amulet of faith
Talismans
 p - a flux talisman
Scrolls
 i - 4 scrolls of teleportation
 l - 2 scrolls of identify
 r - a scroll of brand weapon {unknown}
 v - 2 scrolls of blinking {unknown}
 x - a scroll of enchant weapon {unknown}
Potions
 d - 2 potions of might
 e - a potion of enlightenment {unknown}
 f - a potion of heal wounds {unknown}
 h - a potion of mutation {unknown}
 j - 2 potions of attraction
 m - 2 potions of curing {unknown}
 o - 5 potions of magic {unknown}
 s - a potion of brilliance {unknown}
 t - a potion of invisibility {unknown}
 u - a potion of berserk rage {unknown}
 w - a potion of resistance {unknown}


   Skills:
 + Level 6.0 Fighting
 * Level 8.3 Axes
 - Level 3.2 Armour
 - Level 3.2 Shields


You had 6 spell levels left.
You didn't know any spells.
Your spell library contained the following spells:

 Spells                   Type           Power      Damage    Failure   Level
 Necrotise                Necr           0%         1d4       56%         1
 Dazzling Flash           Conj/Hex       0%         N/A       90%         3
 Mephitic Cloud           Conj/Alch/Air  0%         N/A       90%         3
 Vampiric Draining        Necr           0%         2d6       90%         3
 Martyr's Knell           Necr/Summ      0%         N/A       100%        4
 Curse of Agony           Necr           0%         N/A       100%        5
 Silence                  Hex/Air        0%         N/A       100%        5


Dungeon Overview and Level Annotations

Branches:
Dungeon (5/15)              Sewer (visited)
 Temple: D:4-7

Altars:
Dithmenos
Ru
Wu Jian

Shops:
D:2 (   D:3 (


Innate Abilities, Weirdness & Mutations

Your spellcasting is much less encumbered by armour.
You can use scrolls of enchantment on lesser artefacts.


Message History

No target in view!
No target in view!
m - 2 fuming puce potions (gained 1)
You now have 254 gold pieces (gained 17).
x - a scroll labelled NECWONN ZUZA You see here a +0 spear.
You pick up a book of the Senses and begin reading...
You add the spells Dazzling Flash, Mephitic Cloud, Curse of Agony and Silence to your library.
Key pressed, stopping explore.
There is an open door here.
There is an open door here.
Key pressed, stopping explore.
Key pressed, stopping explore.
There is an open door here.
Items here: ))))) [[[ รทรทรทรท.
You pick up a book of Necromancy and begin reading...
You add the spells Necrotise, Vampiric Draining and Martyr's Knell to your library.
i - 4 scrolls of teleportation (gained 1) Key pressed, stopping explore.
Done exploring.
Done exploring.
Done exploring.
Done exploring.
Done exploring.
Done exploring.
Done exploring.
Done exploring.
Done exploring.
Done exploring.
Done exploring.
Done exploring.
Done exploring.
Done exploring.
Search for what [Enter for "."]? .
There is a stone staircase leading down here.
You climb downwards.
There is a stone staircase leading up here.
The wraith hits you but does no damage.
You completely miss the wraith. The wraith hits you!
You take 9 damage, and have 54/63 hp.
You closely miss the wraith. The wraith barely misses you.
You slash the wraith!
The wraith is moderately damaged.
The wraith hits you but does no damage.
You barely miss the wraith.
The wraith is lightly damaged.
The wraith hits you but does no damage.
You barely miss the wraith.
The wraith is lightly damaged.
The wraith hits you!
You take 7 damage, and have 48/63 hp.
You slash the wraith!
The wraith is heavily damaged.
The wraith hits you. The wraith drains your vigour!
You feel yourself slow down.
You take 4 damage, and have 44/63 hp.
You hit the wraith but do no damage.
The wraith is heavily damaged.
The wraith hits you. The wraith drains your vigour!
You feel as though you will be slow longer.
The wraith hits you but does no damage.
You take 5 damage, and have 39/63 hp.
You hit the wraith but do no damage.
The wraith is heavily damaged.
The wraith hits you. The wraith drains your vigour!
You feel as though you will be slow longer.
The wraith hits you but does no damage.
You take 5 damage, and have 34/63 hp.
You closely miss the wraith.
The wraith is heavily damaged.
The wraith hits you but does no damage. x2
You hit the wraith but do no damage.
The wraith is heavily damaged.
The wraith barely misses you.
You hit the wraith.
The wraith is heavily damaged.
The wraith hits you. The wraith drains your vigour!
You feel as though you will be slow longer.
The wraith closely misses you.
You take 5 damage, and have 30/63 hp.
You are too injured to fight recklessly!
You are too injured to fight recklessly!
You barely miss the wraith.
The wraith is heavily damaged.
The wraith hits you. The wraith drains your vigour!
You feel as though you will be slow longer.
The wraith hits you. The wraith drains your vigour!
You feel as though you will be slow longer.
You take 2 damage, and have 28/63 hp.
You hit the wraith.
The wraith is heavily damaged.
The wraith hits you. The wraith drains your vigour!
You feel as though you will be slow longer.
You take 6 damage, and have 22/63 hp.
You closely miss the wraith.
The wraith is heavily damaged.
The wraith hits you!
* * * LOW HITPOINT WARNING * * *
The wraith hits you!
You die...

. .. #.######
#......##
##.......##
..........##
#....W@...#
#....#...<#
#... #.....#
.........#..#
.........#.##
.......##...
. ..... #.##
....# ### ..


You could see a wraith.

Vanquished Creatures
  A crocodile (Sewer)
  A phantom (D:4)
  3 hounds (D:4)
  2 orc priests
  An iguana (D:4)
  3 orc wizards
  8 adders
  A dart slug (D:4)
  4 ribbon worms
  25 orcs
  5 ball pythons
  3 bats
  7 endoplasms
  8 giant cockroaches
  6 hobgoblins
  9 jackals
  6 kobolds
  6 frilled lizards
  5 goblins
  5 rats
109 creatures vanquished.

Notes
Turn   | Place    | Note
-------+----------+-------------------------------------------
     0 | D:1      | SkeletonJelly the Mountain Dwarf Fighter began the quest
                  | for the Orb.
     0 | D:1      | Reached XP level 1. HP: 19/19 MP: 1/1
    20 | D:1      | Reached skill level 3 in Axes
    20 | D:1      | Reached XP level 2. HP: 19/26 MP: 2/2
  1042 | D:2      | Reached XP level 3. HP: 33/33 MP: 3/3
  1372 | D:2      | Found Azxyotzalun's Antique Weapon Shop.
  1400 | D:2      | Reached skill level 4 in Axes
  1622 | D:3      | Found a sacrificial altar of Ru.
  1637 | D:3      | Reached XP level 4. HP: 37/40 MP: 4/4
  1749 | D:3      | Found Keocha's Antique Weapon Shop.
  1784 | D:3      | Reached skill level 5 in Axes
  1790 | D:3      | Reached XP level 5. HP: 34/47 MP: 5/5
  1852 | D:3      | Found an ornate altar of the Wu Jian Council.
  2097 | D:3      | Reached skill level 6 in Axes
  2432 | D:4      | Found a shadowy altar of Dithmenos.
  2600 | D:4      | Noticed a phantom
  2612 | D:4      | Killed a phantom
  2613 | D:4      | Reached skill level 5 in Fighting
  2613 | D:4      | Reached XP level 6. HP: 41/56 MP: 6/6
  2674 | D:4      | Reached skill level 7 in Axes
  3001 | D:4      | Found a glowing drain.
  3006 | Sewer    | Entered a sewer
  3037 | Sewer    | Reached XP level 7. HP: 62/62 MP: 7/7
  3109 | Sewer    | Reached skill level 8 in Axes
  3574 | D:5      | Entered Level 5 of the Dungeon
  3574 | D:5      | Noticed a wraith
  3591 | D:5      | Slain by a wraith

Illustrated notes

Levels and vault maps discovered:
D:1:      reono_arrival_forest_river, layout_loops_corners,
          minmay_worlds_worst_comb
D:2:      layout_basic, serial_shops, nicolae_square_shop,
          kennysheep_nondescript
D:3:      layout_basic, nicolae_ru_great_annihilating_truth,
          nicolae_wu_jian_wuxing_cycle, serial_shops, nicolae_shop_peninsula
D:4:      layout_basic, mainiacjoe_overflow_boulevard,
          mainiacjoe_sewer_entry_somewhere_in_here_1
D:5:      layout_cave_pools, overflow_temple_1_default, lemuel_crystal_altar,
          minmay_temple_entry_purple_smoke, serial_column_ruins,
          column_ruins_grid_3, column_ruins_columns_dead_end,
          column_ruins_columns_corner, column_ruins_grid_3, column_ruins_grid_1,
          column_ruins_open_tiny

Skill      XL: |  1  2  3  4  5  6  7 |
---------------+----------------------+-----
Axes           | 3 4 5 6 7 8 |  8.3
Fighting       | 4 5 6 |  6.0
Armour         | |  3.2
Shields        | |  3.2

Action                     |  1- 3 |  4- 6 |  7- 9 || total
---------------------------+-------+-------+-------++-------
  Melee: War axe           |    90 |   188 |    51 ||   329
    Use: Scroll            |       |     4 |       ||     4
   Stab: Paralysed         |     1 |       |       ||     1
 Armour: Scale mail        |    58 |   166 |    43 ||   267
  Dodge: Dodged            |    51 |    90 |    14 ||   155
  Block: Buckler           |    18 |    33 |     3 ||    54

Table legend: (Time is in decaauts)
 A = Elapsed time spent in this place.
 B = Non-inter-level travel time spent in this place.
 C = Inter-level travel time spent in this place.
 D = Time resting spent in this place.
 E = Time spent auto-exploring this place.
 F = Levels seen in this place.
 G = Mean time per level.
                   A        B        C        D        E       F      G
               +--------+--------+--------+--------+--------+-----+--------+
         Total |   3696 |   3509 |    187 |      0 |   2428 |   6 |  616.0 |
       Dungeon |   3441 |   3254 |    187 |      0 |   2218 |   5 |  688.2 |
         Sewer |    255 |    255 |      0 |      0 |    210 |   1 |  255.0 |
               +--------+--------+--------+--------+--------+-----+--------+

Top non-repeatable levels by time:
     D:1: 1011 daAuts
     D:3: 912 daAuts
     D:4: 860 daAuts
     D:2: 634 daAuts
   Sewer: 255 daAuts
     D:5: 22 daAuts
